cohdb
Replays
Latest Replays
All Replays
Popular Replays
Top Player Replays
Match Explorer
How It Works
Community
CoH3 Stats
Reddit
Sign in to upload your games and track your stats! →
Sign in with Steam
Match 44874713
Unlisted
Match 44874713
Overview
Messages
Build Orders
End
Selects Armored Battlegroup
Selects Assault Engineers
Assault Engineer Squad
Construct Weapon Support Center
Bazooka Squad
M1919 Machine Gun Team
M1919 Machine Gun Team
M1919 Machine Gun Team
Assault Engineer Squad
Air Support Center
Bazooka Squad
Improved M9 Bazooka Rockets
P-47 Strafing Run
P-47 Dive Bomb
Bazooka Squad
P-47 Strafing Run
Double Sortie
Bazooka Squad
Selects Strength in Steel
P-47 Strafing Run
Bazooka Squad
P-47 Strafing Run
Selects M8 Scott SPG
M8 Scott SPG
P-47 Dive Bomb
M8 Scott SPG
P-47 Strafing Run
M8 Scott SPG
Grasshopper Recon Run
P-47 Dive Bomb
WasaBee
When does the narwhal le bacon
BOP
JareK
Gatom
̶H̶e̶c̶t̶o̶r̶
0
0
Comments
sign in to comment!
No comments posted yet!